 Dungeon Crawl Stone Soup version 0.28-b1-25-g9875b3fc8c (webtiles) character file.

Game seed: 13653342940935827324

56 raph the Chiller (level 3, 0/24 HPs)
             Began as a Merfolk Ice Elementalist on Feb 6, 2022.
             Killed by nerve-wracking pain
             ... invoked by Grinder
              (8 damage)
             ... on level 3 of the Dungeon.
             The game lasted 00:03:34 (2431 turns).

raph the Chiller (Merfolk Ice Elementalist)         Turns: 2431, Time: 00:03:35

Health: 0/24       AC:  3    Str:  8    XL:     3   Next: 95%
Magic:  3/6        EV: 12    Int: 16    God:
Gold:   25         SH:  0    Dex: 14    Spells: 2/6 levels left

rFire   . . .      SeeInvis .   b - +4 dagger
rCold   . . .      Faith    .   (no shield)
rNeg    . . .      Spirit   .   a - +0 robe
rPois   .          Reflect  .   (no helmet)
rElec   .          Harm     .   g - +0 cloak
rCorr   .          Rampage  .   (no gloves)
Will    .....                   (no boots)
Stlth   ++........              (no amulet)
HPRegen 0.08/turn               (no ring)
MPRegen 0.10/turn               (no ring)

@: no status effects
A: (nimble swimmer 2), mertail
a: no special abilities


You were on level 3 of the Dungeon.
You visited 1 branch of the dungeon, and saw 3 of its levels.

You collected 100 gold pieces.
You spent 75 gold pieces at shops.

Inventory:

Hand Weapons
 b - a +4 dagger (weapon)
 c - a +0 dagger
Armour
 a - a +0 robe (worn)
 g - a +0 cloak (worn)
 i - a +0 helmet
Scrolls
 j - a scroll of blinking
Potions
 e - 2 potions of degeneration {unknown}
 f - a potion of lignification {unknown}
 h - a potion of attraction {unknown}


   Skills:
 - Level 2.6 Dodging
 - Level 2.1 Stealth
 - Level 2.0 Spellcasting
 + Level 6.0 Ice Magic


You had 2 spell levels left.
You knew the following spells:

 Your Spells              Type           Power      Damage    Failure   Level
a - Freeze                Ice            80%        1d9       1%          1
b - Frozen Ramparts       Ice            40%        1d6       5%          3

Your spell library contained the following spells:

 Spells                   Type           Power      Damage    Failure   Level
 Ozocubu's Armour         Ice            20%        N/A       5%          3
 Hailstorm                Conj/Ice       11%        3d5       52%         4


Dungeon Overview and Level Annotations

Branches:
Dungeon (3/15)

Altars:

Shops:
D:3 ?

Annotations:
D:3 Grinder


Innate Abilities, Weirdness & Mutations

((You are very nimble when in or above water. (Stealth+, EV+, Speed+++)))
Your lower body shifts to a powerful aquatic tail in water.


Message History

Grinder completely resists.
The wall freezes Grinder but does no damage.
Grinder gestures at you.
You suddenly lose the ability to move!
Grinder completely resists.
The wall freezes Grinder but does no damage.
Grinder completely resists.
The wall freezes Grinder but does no damage.
Grinder hits you but does no damage.
You can move again.
Press: ? - help, v - describe, . - travel The floor.
You closely miss Grinder.
Grinder completely resists.
The wall freezes Grinder but does no damage.
Grinder blinks!
Grinder resists.
The wall freezes Grinder.
Aiming: Freeze (safe; 1% risk of failure)
Press: ? - help, Q - select action Shift-Dir - straight line, f - Grinder
Aim: Grinder (lightly wounded)
You freeze Grinder but do no damage.
Grinder completely resists.
The frozen ramparts melt away.
Grinder hits you.
You writhe in agony.
You hit Grinder but do no damage.
Grinder is lightly wounded.
Grinder gestures at you. You resist with significant effort.
You hit Grinder.
Grinder is lightly wounded.
Grinder hits you.
You hit Grinder.
Grinder is lightly wounded.
Grinder says, "Just stop there for a second..."
Grinder completely misses you.
You hit Grinder.
Grinder is moderately wounded.
Grinder hits you.
You hit Grinder.
Grinder is moderately wounded.
Grinder gestures at you. Pain shoots through your body!
You die...

.. .# ##.# #.. #..
#.# #.# #.####
#@##.####
###5#.....#
#.......###
#.##..######## ..
#.##..####...###....
#.###..8.8.8.<....#
#.###...⌠.⌠.#######
#.....#8.∩.8#
#######.⌠.⌠.#


You could see Grinder.

Vanquished Creatures
  Robin (D:2)
  An adder (D:2)
  A worm (D:2)
  A ball python (D:2)
  3 endoplasms
  5 hobgoblins
  A kobold (D:2)
  A quokka (D:2)
  A frilled lizard (D:1)
  12 goblins
  2 rats (D:2)
29 creatures vanquished.

Notes
Turn   | Place    | Note
-------+----------+-------------------------------------------
     0 | D:1      | raph the Merfolk Ice Elementalist began the quest for the
                  | Orb.
     0 | D:1      | Reached XP level 1. HP: 13/13 MP: 3/3
   617 | D:1      | Reached XP level 2. HP: 19/19 MP: 3/5
   757 | D:2      | Reached skill level 5 in Ice Magic
  1300 | D:2      | Noticed Robin
  1308 | D:2      | Reached XP level 3. HP: 16/24 MP: 1/6
  1776 | D:1      | Learned a level 3 spell: Frozen Ramparts
  1980 | D:2      | Killed Robin
  2100 | D:2      | Reached skill level 6 in Ice Magic
  2210 | D:3      | Found Vaif Hai's Magic Scroll Shoppe.
  2217 | D:3      | Bought a scroll of blinking for 75 gold pieces
  2416 | D:3      | Noticed Grinder
  2420 | D:3      | Paralysed by Grinder for 3 turns
  2431 | D:3      | Killed from afar by Grinder

Illustrated notes

Levels and vault maps discovered:
D:1:      zelgadis_glass_arrival_small, layout_rooms
D:2:      layout_basic, kennysheep_decorative_pillar, uniq_robin
D:3:      layout_rooms, hellmonk_ecumenical_altar_watching_god, serial_shops,
          nicolae_shop_temple_entry_statues_fountains,
          kennysheep_generic_room_3, uniq_grinder, uniq_natasha

Skill      XL: |  1  2  3 |
---------------+----------+-----
Ice Magic      | 5 6 |  6.0
Dodging        | |  2.6
Stealth        | |  2.1
Spellcasting   | |  2.0

Action                   || total
-------------------------++-------
Melee: Dagger            ||    12
       Unarmed           ||     1
 Cast: Freeze            ||    39
       Frozen Ramparts   ||     2
  Use: Scroll            ||     6
Armor: Robe              ||    11
Dodge: Dodged            ||    28
